 Dungeon Crawl Stone Soup version 0.31.0-12-g77e489cdc1 (webtiles) character file.

Game seed: 6573866394268007626

258752 jimonade the Rapturous (level 19, -10/162 HPs)
             Began as a Hill Orc Monk on Feb 29, 2024.
             Was a Follower of Uskayaw.
             Mangled by a +5 dire flail of protection (11 damage)
             ... on level 2 of the Elven Halls.
             The game lasted 01:59:15 (31438 turns).

jimonade the Rapturous (Hill Orc Monk)             Turns: 31438, Time: 01:59:16

Health: -10/162    AC: 32    Str: 23    XL:     19   Next: 58%
Magic:  33/33      EV: 10    Int: 10    God:    Uskayaw [*.....]
Gold:   2513       SH: 17    Dex: 12    Spells: 33/33 levels left

rFire   + . .        a - +2 war axe (heavy)
rCold   + + +        d - +5 Storm Queen's Shield {shock, Fly rElec}
rNeg    . . .        r - +4 chain mail "Trusted Companion" {^Contam Rampage rElec Regen+}
rPois   +            w - +2 hat {Will+}
rElec   +            J - +2 cloak
rCorr   .            s - +1 pair of gloves {hurl}
SInv    .            M - +2 pair of boots "Teissop" {+Blink rF+ Str+3}
Will    ++...        W - amulet of regeneration Stlth
                     Q - ring of poison resistance
HPRegen 2.07/turn    R - ring "Ter Pon" {rC+++ AC+4 Dex-3 Slay+3 Stlth+}
MPRegen 0.23/turn

%: rampage
@: flying
A: no striking features
}: 2/15 runes: decaying, gossamer
a: Renounce Religion, Evoke Blink, Stomp


You were on level 2 of the Elven Halls.
You worshipped Uskayaw.
Uskayaw was greatly pleased with you.
You visited 7 branches of the dungeon, and saw 33 of its levels.
You also visited: Gauntlet.

You collected 3999 gold pieces.
You spent 1486 gold pieces at shops.

Inventory:

Hand Weapons
 a - a +2 heavy war axe (weapon)
 b - a +0 broad axe of flaming
Armour
 d - the +5 Storm Queen's Shield (worn) {shock, Fly rElec}
   (You bought it in a shop on level 2 of the Orcish Mines)

   Shock:     When it blocks an attack, it may electrocute the attacker.
   This works even against foes who are a short distance away.
   rElec:     It insulates you from electricity.
   Fly:       It grants you flight.
 r - the +4 chain mail "Trusted Companion" (worn) {^Contam Rampage rElec Regen+}
   (You found it on level 13 of the Dungeon)

   rElec:     It insulates you from electricity.
   ^Contam:   It causes magical contamination when unequipped.
   Regen+:    It increases your rate of health regeneration.
   Rampage:   It bestows one free step when moving towards enemies.
 s - a +1 pair of gloves of hurling (worn)
 w - a +2 hat of willpower (worn)
 J - a +2 cloak (worn)
 M - the +2 pair of boots "Teissop" (worn) {+Blink rF+ Str+3}
   (You found it on level 1 of the Swamp)

   Str+3:     It affects your strength (+3).
   rF+:       It protects you from fire.
   +Blink:    It lets you blink.
Jewellery
 k - the ring "Zuucoyly" {+Blink rElec Will++ Str-3 SInv}
   (You found it in a Gauntlet)

   [ring of see invisible]

   Str-3:     It affects your strength (-3).
   rElec:     It insulates you from electricity.
   Will++:    It greatly increases your willpower.
   SInv:      It lets you see invisible.
   +Blink:    It lets you blink.
 A - a ring of protection from fire
 K - a ring of flight
 Q - a ring of poison resistance (left hand)
 R - the ring "Ter Pon" (right hand) {rC+++ AC+4 Dex-3 Slay+3 Stlth+}
   (You found it in a Gauntlet)

   [ring of protection]

   AC+4:      It affects your AC (+4).
   Dex-3:     It affects your dexterity (-3).
   Slay+3:    It affects your accuracy & damage with ranged weapons and melee
   (+3).
   rC+++:     It renders you almost immune to cold.
   Stlth+:    It makes you more stealthy.
 S - the ring "Jekaga" {Will+ rCorr Str+2 Dex+3}
   (You took it off a minotaur in a Gauntlet)

   [ring of resist corrosion]

   Str+2:     It affects your strength (+2).
   Dex+3:     It affects your dexterity (+3).
   Will+:     It increases your willpower.
   rCorr:     It protects you from acid and corrosion.
 W - an amulet of regeneration (around neck)
 Z - a ring of fire
Wands
 j - a wand of mindburst (17)
 y - a wand of charming (22)
 F - a wand of polymorph (19)
 L - a wand of flame (39)
 N - a wand of quicksilver (6)
 V - a wand of iceblast (25)
Scrolls
 e - a scroll of immolation
 i - 6 scrolls of blinking
 l - 20 scrolls of teleportation
 m - 7 scrolls of identify
 q - 7 scrolls of revelation
 v - 7 scrolls of fear
 E - 8 scrolls of enchant armour
 H - 7 scrolls of poison
 O - 5 scrolls of summoning
 P - 2 scrolls of silence
 X - 3 scrolls of enchant weapon
 Y - 7 scrolls of amnesia
Potions
 c - 6 potions of ambrosia
 f - 8 potions of cancellation
 g - 8 potions of might
 h - 8 potions of enlightenment
 n - 3 potions of attraction
 o - 10 potions of curing
 t - 2 potions of resistance
 x - 6 potions of mutation
 z - 3 potions of haste
 B - 8 potions of lignification
 D - 6 potions of brilliance
 I - 3 potions of berserk rage
 U - 2 potions of heal wounds
Miscellaneous
 p - a box of beasts
 u - a phantom mirror
 C - a condenser vane
 G - a phial of floods
 T - a lightning rod (4/4)


   Skills:
 + Level 12.8 Fighting
 - Level 1.9 Short Blades
 - Level 17.8(18.0) Axes
 - Level 3.3(10.4) Maces & Flails
 + Level 12.6 Armour
 + Level 6.8 Dodging
 + Level 12.6 Shields
 + Level 7.9 Spellcasting
 + Level 8.7 Ice Magic
 - Level 20.0 Invocations
 - Level 15.0 Evocations


You had 33 spell levels left.
You didn't know any spells.
Your spell library contained the following spells:

 Spells                   Type           Power      Damage    Failure   Level
 Frozen Ramparts          Ice            42%        1d7       10%         3
 Ozocubu's Armour         Ice            21%        N/A       10%         3
 Ensorcelled Hibernation  Hex/Ice        24%        N/A       28%         2
 Hailstorm                Conj/Ice       12%        3d6       50%         3
 Summon Ice Beast         Ice/Summ       12%        N/A       50%         3
 Magic Dart               Conj           12%        1d3       75%         1
 Sandblast                Erth           6%         2d5       75%         1
 Sting                    Conj/Alch      12%        1d3       75%         1
 Blink                    Tloc           6%         N/A       86%         2
 Call Imp                 Summ           6%         N/A       86%         2
 Mercury Vapours          Alch/Air       6%         N/A       86%         2
 Call Canine Familiar     Summ           3%         N/A       98%         3
 Fugue of the Fallen      Necr           3%         N/A       98%         3
 Gell's Gravitas          Tloc           3%         N/A       98%         3
 Mephitic Cloud           Conj/Alch/Air  3%         N/A       98%         3
 Passwall                 Erth           3%         N/A       98%         3
 Sigil of Binding         Hex            3%         N/A       98%         3
 Stone Arrow              Conj/Erth      6%         3d7       98%         3
 Swiftness                Air            3%         N/A       98%         3
 Teleport Other           Tloc           3%         N/A       98%         3
 Tukima's Dance           Hex            3%         N/A       98%         3
 Metabolic Englaciation   Hex/Ice        6%         N/A       99%         5
 Brom's Barrelling Bould  Conj/Erth      3%         2d3       100%        4
 Cause Fear               Hex            1%         N/A       100%        4
 Dimensional Bullseye     Hex/Tloc       1%         N/A       100%        4
 Iskenderun's Mystic Bla  Conj/Tloc      3%         2d3       100%        4
 Leda's Liquefaction      Alch/Erth      1%         N/A       100%        4
 Manifold Assault         Tloc           3%         N/A       100%        4
 Olgreb's Toxic Radiance  Alch           3%         N/A       100%        4
 Petrify                  Alch/Erth      3%         N/A       100%        4
 Alistair's Intoxication  Alch           2%         N/A       100%        5
 Borgnjor's Vile Clutch   Necr/Erth      1%         N/A       100%        5
 Fireball                 Conj/Fire      1%         3d3       100%        5
 Freezing Cloud           Conj/Ice/Air   4%         6-21      100%        5
 Summon Forest            Summ/Tloc      1%         N/A       100%        5
 Dispersal                Tloc           1%         N/A       100%        6
 Eringya's Noxious Bog    Alch           1%         4d6       100%        6
 Sculpt Simulacrum        Ice/Alch       6%         N/A       100%        6
 Ozocubu's Refrigeration  Ice            10%        4d9       100%        7
 Summon Hydra             Summ           1%         N/A       100%        7
 Dragon's Call            Summ           1%         N/A       100%        9
 Polar Vortex             Ice            10%        12d1*     100%        9


Dungeon Overview and Level Annotations

Branches:
Dungeon (15/15) Zot: 24902  Temple (1/1) D:4 Zot: 5932    Lair (5/5) D:9 Zot: 25383
  Swamp (4/4) Lair:2 Zot: 21155  Spider (4/4) Lair:3 Zot: 20703   Slime (0/5) Lair:5
    Orc (2/2) D:12 Zot: 10758     Elf (2/3) Orc:2 Zot: 10669  Vaults (0/5) D:14
 Depths (0/4) D:15        Gauntlet (visited)

Altars:
Ashenzari
Cheibriados
Dithmenos
Elyvilon
Fedhas
Gozag
Hepliaklqana
Kikubaaqudgha
Makhleb
Nemelex Xobeh
Okawaru
Qazlal
Ru
Sif Muna
Trog
Uskayaw
Vehumet
Wu Jian
Xom
Yredelemnul
Zin
The Shining One
Beogh

Shops:
Orc:1 =   Orc:2 ![?:=

Portals:
Trove: D:11 (give +5 demon trident)


Message History

The +2 spectral lajatang hits you but does no damage.
The +5 dire flail of protection hits you but does no damage.
A +2 spectral lajatang comes into view.
You slash the +2 spectral lajatang!
The +2 spectral lajatang shares its spectral weapon's damage!
The +2 spectral lajatang is severely damaged.
You closely miss the +2 spectral lajatang.
You miss the +5 dire flail of protection.
The +2 spectral lajatang hits you! The +2 spectral lajatang hits you.
You block the +5 dire flail of protection's attack.
Something hits you! The +2 spectral lajatang hits you!!
* * * LOW HITPOINT WARNING * * *
You block the +2 spectral lajatang's attack.
The +5 dire flail of protection hits you.
* * * LOW HITPOINT WARNING * * *
You barely miss the +2 spectral lajatang.
The +2 spectral lajatang is moderately damaged.
You miss the +5 dire flail of protection.
You slash the +2 spectral lajatang!
The +2 spectral lajatang shares its spectral weapon's damage!
The +2 spectral lajatang disappears.
You closely miss something. Something hits you but does no damage.
The +2 spectral lajatang hits you but does no damage.
You block the +2 spectral lajatang's attack.
The +5 dire flail of protection hits you but does no damage.
Something hits you.
* * * LOW HITPOINT WARNING * * *
The +2 spectral lajatang hits you!
* * * LOW HITPOINT WARNING * * *
You block the +2 spectral lajatang's attack.
The +5 dire flail of protection hits you but does no damage.
A +2 spectral lajatang comes into view.
Okay, then.
Unknown command.
As you read the scroll of fear, it crumbles to dust.
You assume a fearsome visage.
The +2 spectral lajatang is unaffected.
The +5 dire flail of protection is unaffected.
The +0 battleaxe of flaming is unaffected.
The +2 spectral lajatang is unaffected.
The +2 spectral lajatang closely misses you.
You block the +2 spectral lajatang's attack.
Your shield discharges, shocking the +2 spectral lajatang!
The +2 spectral lajatang resists.
The +5 dire flail of protection hits you but does no damage.
The +2 spectral lajatang hits you!
* * * LOW HITPOINT WARNING * * *
The +2 spectral lajatang hits you!
* * * LOW HITPOINT WARNING * * *
The +2 spectral lajatang barely misses you.
You block the +2 spectral lajatang's attack.
You block the +5 dire flail of protection's attack.
The +2 spectral lajatang disappears.
The +0 battleaxe of flaming attacks as it pursues you!
The +0 battleaxe of flaming closely misses you.
You block the +2 spectral lajatang's attack.
There is a huge open translucent gate here.
The +2 spectral lajatang hits you but does no damage.
You block the +0 battleaxe of flaming's attack.
You can no longer pass through a line of other dancers.
The +5 dire flail of protection attacks as it pursues you!
You block the +5 dire flail of protection's attack.
Your shield discharges, shocking the +5 dire flail of protection!
The +5 dire flail of protection completely resists.
The +0 battleaxe of flaming attacks as it pursues you!
The +0 battleaxe of flaming hits you!
* * * LOW HITPOINT WARNING * * *
The +0 battleaxe of flaming burns you.
* * * LOW HITPOINT WARNING * * *
You feel much better.
The +5 dire flail of protection hits you but does no damage.
The +0 battleaxe of flaming hits you but does no damage.
You block the +5 dire flail of protection's attack.
Your shield discharges, shocking the +5 dire flail of protection!
The +5 dire flail of protection completely resists.
The +0 battleaxe of flaming attacks as it pursues you!
You block the +0 battleaxe of flaming's attack.
The +5 dire flail of protection attacks as it pursues you!
You block the +5 dire flail of protection's attack.
The +5 dire flail of protection hits you!
* * * LOW HITPOINT WARNING * * *
The +0 battleaxe of flaming hits you!!
* * * LOW HITPOINT WARNING * * *
The +0 battleaxe of flaming burns you.
* * * LOW HITPOINT WARNING * * *
You block the +5 dire flail of protection's attack.
Your shield discharges, shocking the +5 dire flail of protection!
The +5 dire flail of protection completely resists.
You see here a +6 dagger.
You barely miss the +5 dire flail of protection.
You hit the +2 spectral lajatang. The +2 spectral lajatang hits you!
* * * LOW HITPOINT WARNING * * *
The deep elf pyromancer casts a spell.
The deep elf pyromancer blinks!
The +5 dire flail of protection hits you but does no damage.
The deep elf knight gestures wildly while chanting.
The deep elf knight seems to speed up.
The +2 spectral lajatang hits you but does no damage.
The +5 dire flail of protection hits you!
You die...

.........#........##
#......#
....####.#.........#
#.....# ....#
#.#.#####...## ##.....##
....#
#.###...##...###'......##
..###
#..#.....#).....'.......#
###
#..+.....#......'.......#
#..#.....#....e.ยง..)....#
#.###...##(..###'......##
#.#.#####@(.## ##.....##
#.#.......(.# #.....##
#..........## #......##
##.......### ##).e...#
######### ### ##))...#
##.# ##.####.....##
##...##...##(....##
..........{(.....#
..................#


You could see a deep elf knight (fast) and 3 dancing weapons.

Vanquished Creatures
  Rupert (D:12)
  The ghost of raguz the Eclecticist, an adept DjHW of Makhleb (Elf:1)
  Gastronok (Lair:2)
  A thorn hunter (Swamp:4)
  Kirke (D:15)
  3 fenstrider witches (Swamp:4)
  2 ghost moths (Spider:4)
  The ghost of Saturup the Marksfrog, a journeyman BaHu of Okawaru (D:15)
  A deep elf elementalist (Elf:1)
  6 emperor scorpions
  Nessos (D:12)
  3 broodmothers
  8 eleionomae
  A deep elf death mage (Elf:2)
  The ghost of turdburglar the Grappler, a journeyman DrSh of Gozag (Lair:3)
  A deep elf annihilator (Elf:1)
  10 bunyips
  A dire elephant (Gauntlet)
  A minotaur (Gauntlet)
  Azrael (D:15)
  The ghost of Silvore the Basher, a journeyman MiFi of the Shining One (D:10)
  3 spark wasps
  Snorg (D:11)
  A blizzard demon (Swamp:4)
  A shambling mangrove (Swamp:2)
  Josephine (D:15)
  5 entropy weavers
  A hell beast (Swamp:4)
  13 hydras
  Harold (D:9)
  A rakshasa (D:13)
  3 ghost crabs
  3 ogre magi
  Erica (D:8)
  8 boulder beetles
  13 alligators
  A radroach (Spider:4)
  4 centaur warriors
  10 two-headed ogres
  2 tengu warriors
  6 demonic crawlers
  12 dancing weapons
  A deep troll earth mage (D:15)
  3 skysharks
  2 orc high priests
  A soul eater (Swamp:4)
  6 deep elf knights
  A skeletal warrior (D:14)
  8 goliath frogs
  4 pharaoh ants
  2 sixfirhies (Swamp:4)
  6 swamp dragons
  11 orb spiders
  10 spriggan druids
  An arcanist (Swamp:4)
  A bog body (Swamp:4)
  18 deep elf zephyrmancers
  Pikel (D:4)
  23 deep elf pyromancers
  9 deep elf archers
  A phantasmal warrior (D:15)
  7 steelbarb worms
  An orc knight (D:14)
  15 orc sorcerers
  15 wolf spiders
  4 will-o-the-wisps
  An ugly thing (D:9)
  7 cyclopes
  Maurice (D:11)
  A black mamba (shapeshifter) (D:15)
  5 moths of wrath
  4 manticores
  3 meliai (Spider:4)
  8 elephants
  A smoke demon (Swamp:4)
  3 black mambas
  A cane toad (shapeshifter) (D:15)
  3 gargoyles
  2 unseen horrors
  3 centaur skeletons (D:14)
  14 cane toads
  3 kobold demonologists
  3 torpor snails
  5 orange demons (Swamp:4)
  3 yaktaurs (D:14)
  3 rime drakes
  Maggie (Lair:2)
  2 freezing wraiths (D:10)
  5 komodo dragons
  3 tengu conjurers
  3 efreet
  8 trolls
  A hellwing (Swamp:4)
  Grinder (D:6)
  5 polar bears
  2 bloated husks (Swamp:3)
  23 hornets
  26 tarantellas
  A raiju (shapeshifter) (D:15)
  11 tyrant leeches
  8 dream sheep
  A jumping spider (shapeshifter) (D:15)
  4 slime creatures
  14 culicivoras
  22 jumping spiders
  A shadow (D:10)
  A water elemental (Elf:2)
  A wyvern (Lair:5)
  A centaur simulacrum (D:15)
  62 yaks
  28 spriggans
  5 wraiths
  4 fire elementals
  3 hogs (D:15)
  A warg (Orc:2)
  6 basilisks
  A yak (shapeshifter) (D:14)
  21 vampire mosquitoes
  2 steam dragons (D:9)
  49 redbacks
  2 chaos spawn (Swamp:4)
  11 swamp worms
  Duvessa (D:5)
  5 acid dragons
  3 hell hounds (D:15)
  15 water moccasins
  A black bear (shapeshifter) (D:15)
  5 black bears
  20 orc warriors
  6 swamp drakes
  12 centaurs
  14 ogres
  6 boggarts
  31 wolves
  4 phantoms
  5 kobold brigands
  11 bullfrogs
  2 earth elementals
  5 scorpions
  6 killer bees
  4 wights (D:8)
  Dowan (D:5)
  A vampire bat (D:8)
  6 howler monkeys
  3 electric eels
  A bombardier beetle (D:3)
  A gnoll bouda (D:6)
  A hound (D:7)
  2 jellies
  19 orc priests
  5 sleepcaps
  41 orc wizards
  Terence (D:2)
  3 iguanas
  A boggart skeleton (D:14)
  A boggart simulacrum (D:15)
  Robin (D:2)
  9 gnolls
  8 adders
  A shadow imp (D:8)
  2 ribbon worms (D:2)
  A dart slug (D:1)
  70 orcs
  2 bat skeletons (D:8)
  4 bat zombies (D:8)
  2 endoplasms
  2 giant cockroaches
  15 goblins
  8 hobgoblins
  7 jackals
  33 kobolds
  6 quokkas
  4 ball pythons
  5 bats
  5 frilled lizards
  4 rats
  A spectral weapon (Elf:2)
1136 creatures vanquished.

Vanquished Creatures (collateral kills)
  A tengu warrior (D:10)
  A steelbarb worm (Spider:4)
  A tarantella (Spider:4)
  A jumping spider (Spider:4)
  3 yaks (D:10)
7 creatures vanquished.

Vanquished Creatures (others)
  An orb spider (Spider:4)
  3 bloated husks
  5 dream sheep (D:6)
  An air elemental (Elf:2)
  A spriggan (Swamp:1)
  A human (D:15)
  A redback (Spider:2)
  A swamp worm (Swamp:1)
  An ogre (D:15)
  4 foxfires
19 creatures vanquished.

Grand Total: 1162 creatures vanquished

Notes
Turn   | Place    | Note
-------+----------+-------------------------------------------
     0 | D:1      | jimonade the Hill Orc Monk began the quest for the Orb.
     0 | D:1      | Reached XP level 1. HP: 19/19 MP: 1/1
   238 | D:1      | Reached XP level 2. HP: 26/26 MP: 2/2
   252 | D:1      | Reached skill level 5 in Axes
   590 | D:1      | Reached XP level 3. HP: 31/31 MP: 3/3
  1066 | D:1      | Reached skill level 1 in Short Blades
  1617 | D:2      | Noticed Terence
  1626 | D:2      | Killed Terence
  1627 | D:2      | Reached skill level 1 in Maces & Flails
  1627 | D:2      | Reached XP level 4. HP: 38/39 MP: 4/4
  2183 | D:2      | Noticed Robin
  2201 | D:2      | Killed Robin
  2571 | D:3      | Reached XP level 5. HP: 45/45 MP: 5/5
  2660 | D:3      | Found a snail-covered altar of Cheibriados.
  2660 | D:3      | Found an ornate altar of the Wu Jian Council.
  2670 | D:3      | Found a bloodstained altar of Trog.
  2672 | D:3      | Found a sparkling altar of Nemelex Xobeh.
  2674 | D:3      | Found a faded altar of an unknown god.
  3147 | D:3      | Reached skill level 1 in Armour
  3516 | D:4      | Noticed a phantom
  3524 | D:4      | Killed a phantom
  3525 | D:4      | Reached XP level 6. HP: 45/53 MP: 6/6
  3560 | D:4      | Found a staircase to the Ecumenical Temple.
  3575 | Temple   | Entered the Ecumenical Temple
  3625 | Temple   | Became a worshipper of Uskayaw the Reveller
  3625 | Temple   | Reached * piety under Uskayaw
  3773 | D:4      | Found a basalt altar of Yredelemnul.
  3797 | D:4      | Noticed Pikel
  3817 | D:4      | Reached ** piety under Uskayaw
  3821 | D:4      | Reached *** piety under Uskayaw
  3829 | D:4      | Killed Pikel
  3830 | D:4      | Reached skill level 5 in Fighting
  3830 | D:4      | Reached XP level 7. HP: 54/62 MP: 2/7
  3893 | D:4      | Found a white marble altar of Elyvilon.
  4315 | D:5      | Entered Level 5 of the Dungeon
  4404 | D:5      | Noticed a yak
  4404 | D:5      | Noticed a yak
  4405 | D:5      | Noticed a yak
  4415 | D:4      | Reached XP level 8. HP: 70/70 MP: 8/8
  4527 | D:4      | Killed a yak
  4577 | D:4      | Killed a yak
  4578 | D:4      | Reached skill level 5 in Armour
  4601 | D:5      | Killed a yak
  4682 | D:5      | Noticed Dowan
  4693 | D:5      | Noticed Duvessa
  4721 | D:5      | Killed Duvessa
  4723 | D:5      | Killed Dowan
  4724 | D:5      | Reached **** piety under Uskayaw
  4728 | D:5      | Reached ***** piety under Uskayaw
  4901 | D:5      | Reached XP level 9. HP: 81/81 MP: 9/9
  4939 | D:5      | Found a glowing golden altar of the Shining One.
  5154 | D:5      | Found a blossoming altar of Fedhas.
  5311 | D:5      | Found a stormy altar of Qazlal.
  5574 | D:6      | Reached skill level 10 in Axes
  5819 | D:6      | Noticed Grinder
  5826 | D:6      | Paralysed by Grinder for 3 turns
  5837 | D:6      | Killed Grinder
  5992 | D:6      | Found a shimmering altar of Xom.
  6390 | D:7      | Reached XP level 10. HP: 76/88 MP: 3/10
  6399 | D:7      | Reached ****** piety under Uskayaw
  7053 | D:8      | Noticed Erica
  7061 | D:8      | Killed Erica
  7062 | D:8      | Reached skill level 1 in Invocations
  7198 | D:8      | Reached skill level 2 in Invocations
  7205 | D:8      | Reached skill level 3 in Invocations
  8138 | D:8      | Reached skill level 4 in Invocations
  8407 | D:8      | Found an ancient bone altar of Kikubaaqudgha.
  8598 | D:9      | Reached XP level 11. HP: 97/97 MP: 14/14
  8665 | D:9      | Noticed a manticore
  8675 | D:9      | Killed a manticore
  8722 | D:9      | Reached skill level 5 in Invocations
  8793 | D:9      | Noticed a two-headed ogre
  8801 | D:9      | Killed a two-headed ogre
  8834 | D:9      | Noticed a two-headed ogre
  8844 | D:9      | Killed a two-headed ogre
  9109 | D:9      | Noticed a cyclops
  9110 | D:9      | Noticed a green ugly thing
  9116 | D:9      | Noticed Harold
  9306 | D:9      | Killed a cyclops
  9350 | D:9      | Killed Harold
  9351 | D:9      | Reached skill level 6 in Invocations
  9491 | D:9      | Reached skill level 10 in Fighting
  9496 | D:9      | Killed a green ugly thing
  9510 | D:9      | Reached skill level 5 in Dodging
  9580 | D:9      | Found a staircase to the Lair.
  9919 | D:10     | Entered Level 10 of the Dungeon
  9941 | D:10     | Found a sacrificial altar of Ru.
  9959 | D:10     | Noticed a manticore
  9964 | D:10     | Noticed a centaur warrior
  9973 | D:10     | Killed a manticore
  9974 | D:10     | Reached skill level 15 in Axes
  9974 | D:10     | Reached skill level 10 in Armour
  9981 | D:10     | Reached skill level 7 in Invocations
  9981 | D:10     | Killed a centaur warrior
  9983 | D:10     | Noticed a two-headed ogre
  9984 | D:10     | Reached XP level 12. HP: 56/106 MP: 17/17
 10122 | D:10     | Killed a two-headed ogre
 10219 | D:10     | Reached skill level 8 in Invocations
 10293 | D:10     | Noticed a two-headed ogre
 10313 | D:10     | Killed a two-headed ogre
 10832 | D:10     | Noticed a tengu warrior
 10834 | D:10     | Found the +18 Lear's hauberk
 10842 | D:10     | Killed a tengu warrior
 10843 | D:10     | Reached skill level 9 in Invocations
 10843 | D:10     | Reached skill level 1 in Evocations
 10877 | D:10     | Found a runed translucent gate.
 10878 | D:10     | Found a runed translucent gate.
 10879 | D:10     | Found a runed translucent gate.
 10884 | D:10     | Noticed Silvore's ghost (journeyman MiFi)
 11365 | D:11     | Noticed Snorg
 11374 | D:11     | Killed Snorg
 11491 | D:11     | Found a gate leading to a gauntlet.
 11492 | D:11     | Noticed Maurice
 11498 | D:11     | Killed Maurice
 11499 | D:11     | Reached skill level 10 in Invocations
 11509 | Gauntlet | Entered a Gauntlet
 11509 | Gauntlet | Noticed a catoblepas
 11509 | Gauntlet | Found a large runed translucent door.
 11509 | Gauntlet | Found a large runed translucent door.
 11509 | Gauntlet | Found a large runed translucent door.
 11509 | Gauntlet | Found a large runed translucent door.
 11509 | Gauntlet | Found a large runed translucent door.
 11509 | Gauntlet | Found a large runed translucent door.
 11509 | Gauntlet | Found a large runed translucent door.
 11509 | Gauntlet | Found a large runed translucent door.
 11509 | Gauntlet | Found a runed translucent door.
 11509 | Gauntlet | Found a runed translucent gate.
 11509 | Gauntlet | Found a transporter.
 11509 | Gauntlet | Found a transporter.
 11509 | Gauntlet | Found a runed translucent gate.
 11509 | Gauntlet | Found a transporter.
 11509 | Gauntlet | Found a transporter.
 11513 | Gauntlet | Found a transporter.
 11513 | Gauntlet | Found a transporter.
 11514 | Gauntlet | Found a runed translucent gate.
 11514 | Gauntlet | Found a runed translucent door.
 11518 | Gauntlet | Found a large runed translucent door.
 11518 | Gauntlet | Found a large runed translucent door.
 11527 | Gauntlet | Found a transporter.
 11529 | Gauntlet | Found a transporter.
 11536 | Gauntlet | Noticed a dire elephant
 11537 | Gauntlet | Found a transporter.
 11583 | Gauntlet | Found a large runed translucent door.
 11583 | Gauntlet | Found a large runed translucent door.
 11586 | Gauntlet | Found a large runed translucent door.
 11586 | Gauntlet | Found a large runed translucent door.
 11587 | Gauntlet | Found a large runed translucent door.
 11588 | Gauntlet | Found a large runed translucent door.
 11638 | Gauntlet | Found a transporter.
 11642 | Gauntlet | Found a transporter.
 11652 | Gauntlet | Found a transporter.
 11884 | Gauntlet | Identified the ring "Zuucoyly" {+Blink rElec Will++ Str-3
                  | SInv}
 11970 | Gauntlet | Identified the ring "Ter Pon" {rC+++ AC+4 Dex-3 Slay+3
                  | Stlth+}
 11984 | Gauntlet | Killed a dire elephant
 12262 | Gauntlet | Identified the +8 rapier of Reinforcement {elec, rC+ Will+
                  | Str+3 SInv}
 12262 | Gauntlet | Identified the ring "Jekaga" {Will+ rCorr Str+2 Dex+3}
 12262 | Gauntlet | Noticed a minotaur
 12276 | Gauntlet | HP: 1/106 [minotaur/the +8 rapier of Reinforcement {elec,
                  | rC+ Will+ Str+3 SInv} (20)]
 12277 | Gauntlet | Killed a minotaur
 12278 | Gauntlet | Reached skill level 11 in Invocations
 12278 | Gauntlet | Reached skill level 5 in Evocations
 12653 | D:11     | Noticed a boulder beetle
 12663 | D:11     | Killed a boulder beetle
 12813 | D:11     | Identified the +6 long sword of Deflation {flame, rN++
                  | Int+2}
 13100 | D:11     | Reached XP level 13. HP: 113/113 MP: 21/21
 13177 | D:11     | Reached skill level 12 in Invocations
 13283 | D:11     | Found a portal to a secret trove of treasure.
 13548 | D:12     | You fall into a shaft and drop 3 floors!
 13548 | D:15     | Entered Level 15 of the Dungeon
 13577 | D:15     | Noticed Josephine
 13588 | D:15     | Killed Josephine
 13784 | D:15     | Noticed Kirke
 13807 | D:15     | Killed Kirke
 13808 | D:15     | Reached skill level 13 in Invocations
 14085 | D:15     | Noticed Azrael
 14093 | D:15     | Killed Azrael
 14100 | D:15     | Reached skill level 14 in Invocations
 14420 | D:15     | Found a runed translucent door.
 14420 | D:15     | Noticed Saturup's ghost (journeyman BaHu)
 14511 | D:15     | Found a staircase to the Depths.
 14538 | D:15     | HP: 1/113 [deep troll earth mage (8)]
 15226 | D:15     | Killed Saturup's ghost
 15227 | D:15     | Reached skill level 15 in Invocations
 15467 | D:14     | Reached XP level 14. HP: 114/121 MP: 25/25
 15474 | D:14     | Reached skill level 10 in Evocations
 15630 | D:14     | Reached skill level 16 in Invocations
 15828 | D:14     | Reached skill level 17 in Invocations
 16259 | D:14     | Found a gate to the Vaults.
 16684 | D:13     | Reached skill level 18 in Invocations
 16910 | D:13     | Identified the +4 chain mail "Trusted Companion" {^Contam
                  | Rampage rElec Regen+}
 17288 | D:13     | Identified a scroll of acquirement
 17905 | D:12     | Noticed Rupert
 17917 | D:12     | Killed Rupert
 18080 | D:12     | Noticed Nessos
 18092 | D:12     | Killed Nessos
 18166 | D:12     | Found a staircase to the Orcish Mines.
 18323 | D:10     | Killed Silvore's ghost
 18330 | D:10     | Identified the ring "Meot" {rC- Will+ Dex+3}
 18415 | Orc:1    | Entered Level 1 of the Orcish Mines
 18415 | Orc:1    | Found a bloodstained altar of Trog.
 18456 | Orc:1    | Reached XP level 15. HP: 112/128 MP: 28/28
 18627 | Orc:1    | Found Myush's Jewellery Shoppe.
 18697 | Orc:2    | Entered Level 2 of the Orcish Mines
 18701 | Orc:2    | Found Axamed's Distillery.
 18707 | Orc:2    | Found a staircase to the Elven Halls.
 18983 | Orc:2    | Found Heplyhud's Antique Armour Shoppe.
 19028 | Orc:2    | Found Kyit Sua's Jewellery Emporium.
 19057 | Orc:2    | Found an ancient bone altar of Kikubaaqudgha.
 19076 | Orc:2    | Found Upsuh's Magic Scroll Emporium.
 19122 | Orc:2    | Found a radiant altar of Vehumet.
 19154 | Orc:2    | Acquired 863 gold pieces
 19165 | Orc:2    | Bought the +5 Storm Queen's Shield {shock, Fly rElec} for
                  | 1276 gold pieces
 19165 | Orc:2    | Found the +5 Storm Queen's Shield {shock, Fly rElec}
 19207 | Orc:2    | Found a roughly hewn altar of Beogh.
 19222 | Orc:2    | Found Wuph's Book Shoppe.
 19398 | Orc:2    | Found a roughly hewn altar of Beogh.
 19530 | Orc:2    | Bought a pair of runed boots for 210 gold pieces
 19761 | Lair:1   | Entered Level 1 of the Lair of Beasts
 19849 | Lair:1   | Reached skill level 1 in Shields
 20305 | Lair:2   | Noticed Gastronok
 20331 | Lair:2   | Killed Gastronok
 20684 | Lair:2   | Noticed Maggie
 20690 | Lair:2   | Killed Maggie
 20709 | Lair:2   | Found a staircase to the Swamp.
 21362 | Lair:3   | Found a runed translucent gate.
 21363 | Lair:3   | Found a runed translucent gate.
 21363 | Lair:3   | Found a runed translucent gate.
 21365 | Lair:3   | Noticed turdburglar's ghost (journeyman DrSh)
 21397 | Lair:3   | Identified the +0 ring mail "Juxtagh" {rC- rCorr Str+3
                  | Dex+2}
 21555 | Lair:3   | Found a hole to the Spider Nest.
 22249 | Lair:3   | Killed turdburglar's ghost
 22418 | Lair:4   | You are sucked into a shaft and drop 1 floor!
 22418 | Lair:5   | Entered Level 5 of the Lair of Beasts
 22425 | Lair:5   | Reached skill level 5 in Shields
 22501 | Lair:5   | Found a hazy altar of Hepliaklqana.
 22817 | Lair:5   | Found a staircase to the Slime Pits.
 22971 | Lair:5   | Reached skill level 1 in Spellcasting
 22984 | Lair:5   | Reached XP level 16. HP: 139/139 MP: 29/29
 23022 | Lair:5   | Got an earthy gem with 432 turns to spare
 23072 | Lair:5   | Identified the +2 ring mail "Hegyuron" {-Tele Rampage Fly
                  | rN++}
 23385 | Lair:4   | Found an opulent altar of Gozag.
 23539 | Lair:4   | Found a sparkling altar of Nemelex Xobeh.
 23882 | Spider:1 | Entered Level 1 of the Spider Nest
 23977 | Spider:1 | Identified the +2 falchion of Reinforcement {spect,
                  | ^Fragile Fly rPois}
 25259 | Spider:3 | Reached skill level 5 in Spellcasting
 25325 | Spider:3 | Reached skill level 10 in Shields
 25545 | Spider:3 | Reached XP level 17. HP: 146/146 MP: 30/30
 26143 | Spider:4 | Entered Level 4 of the Spider Nest
 26169 | Spider:4 | Reached skill level 19 in Invocations
 26634 | Spider:4 | Got a gossamer rune of Zot
 26935 | Spider:4 | Reached skill level 20 in Invocations
 27129 | Swamp:1  | Entered Level 1 of the Swamp
 27360 | Swamp:1  | Identified the +2 pair of boots "Teissop" {+Blink rF+
                  | Str+3}
 27543 | Swamp:1  | Reached skill level 1 in Ice Magic
 27949 | Swamp:2  | Reached XP level 18. HP: 154/154 MP: 32/32
 28266 | Swamp:2  | Identified the +7 morningstar of Disarray {flame, ^Contam
                  | rF+ Will+ Dex+4}
 28415 | Swamp:3  | Reached skill level 5 in Ice Magic
 28726 | Swamp:3  | Identified the +5 ring mail "Qirodudud" {*Slow Int+7}
 29072 | Swamp:4  | Entered Level 4 of the Swamp
 29364 | Swamp:4  | Reached skill level 15 in Evocations
 29488 | Swamp:4  | Paralysed by a fenstrider witch for 4 turns
 29519 | Swamp:4  | Got a decaying rune of Zot
 29871 | Swamp:4  | Reached XP level 19. HP: 160/160 MP: 33/33
 30137 | Elf:1    | Entered Level 1 of the Elven Halls
 30178 | Elf:1    | Found a runed translucent door.
 30185 | Elf:1    | Noticed raguz's ghost (adept DjHW)
 30194 | Elf:1    | Killed raguz's ghost
 31313 | Elf:2    | Found a huge runed translucent gate.
 31313 | Elf:2    | Found a huge runed translucent gate.
 31313 | Elf:2    | Found a huge runed translucent gate.
 31313 | Elf:2    | Found a huge runed translucent gate.
 31320 | Elf:2    | Found a huge runed translucent gate.
 31438 | Elf:2    | HP: 1/162 [+2 spectral lajatang (16)]
 31438 | Elf:2    | Mangled by a +5 dire flail of protection

Illustrated notes

Levels and vault maps discovered:
D:1:      hellmonk_arrival_library, layout_basic
D:2:      layout_basic, uniq_robin, uniq_terence
D:3:      layout_basic, chequers_temple_overflow_minitemple
D:4:      layout_loops_ring, mainiacjoe_overflow_alcove_1,
          nicolae_elyvilon_peaceful_grove, minmay_temple_entry_junction,
          uniq_pikel
D:5:      layout_cave_pools, fedhas_altar_4,
          mainiacjoe_overflow_surrounded_room, kennysheep_little_box,
          uniq_duvessa
D:6:      layout_cave_pools, kb_xom_exploding_sheep, serial_glass,
          glass_columns_b, glass_columns_a, glass_columns_b, glass_columns_c,
          glass_columns_c, glass_columns_b, item_on_display_b,
          minmay_strange_pillars, minmay_strange_pillars, due_unseen_surprise,
          uniq_grinder
D:7:      layout_basic, corexii_item_surrounded_by_moat
D:8:      layout_gridville, kennysheep_vampire_church,
          serial_library_hellmonk_room_c, uniq_erica
D:9:      layout_basic, lair_entry_dummy, minmay_misc_feat_more_columns,
          minmay_mirror_moons_of_madness, uniq_harold
D:10:     cheibrodos_fzero, layout_grid_maze,
          nicolae_ru_great_annihilating_truth, gammafunk_ghost_spectres,
          hellmonk_guarded_unrand_lears
D:11:     layout_roguey, gauntlet_entry_generic, nicolae_trove_entry_columns,
          kennysheep_generic_room_16, uniq_snorg, uniq_maurice
D:12:     layout_cross, david_orc_4, uniq_rupert, uniq_nessos
D:13:     layout_cave_pods, grunt_tough_drop
D:14:     layout_cave_pools, hangedman_vaults_entry_quadrant_bands,
          serial_library_hellmonk_recessed_alcove,
          hangedman_decor_clover_reticule
D:15:     hellmonk_depths_entry_around_the_bend, layout_rooms,
          bh_walls_and_bars, gammafunk_ghost_grave, uniq_josephine, uniq_azrael,
          uniq_kirke
Temple:   nicolae_temple_ecumenical_triangle
Lair:1:   layout_concentric_octagons
Lair:2:   layout_regular_city, swamp_mist_pool, grunt_megastairs_4, uniq_maggie,
          uniq_gastronok
Lair:3:   layout_small_grid, spider_nest_entry_funnel_web,
          ebering_ghost_rock_garden, serial_bayou_shore_b
Lair:4:   layout_small_grid, basic_altar, lemuel_centaur_altar
Lair:5:   minmay_lair_end_enchanted_forest, layout_gridlike, slime_entry_1,
          basic_altar, serial_bayou_shore_b
Swamp:1:  layout_basic_swamp, evilmike_swamp_ruin_rubble_1,
          nicolae_swamp_tree_isthmus
Swamp:2:  layout_basic_swamp, evilmike_swamp_ruin_rubble_2, swamp_pool_5,
          nicolae_swamp_spriggan_camp, infiniplex_staircase_pool
Swamp:3:  layout_basic_swamp, evilmike_swamp_ruin_house_3,
          nicolae_swamp_bunyip_nook
Swamp:4:  nzn_swamp_witches_coven, layout_basic_swamp
Spider:1: layout_spider_delve
Spider:2: layout_spider_delve
Spider:3: layout_cave_pods
Spider:4: guppyfry_spider_rune, nicolae_arachne_temple
Orc:1:    layout_caves, basic_altar, serial_shops, nicolae_shop_gaudy_bauble
Orc:2:    kennysheep_orc_mage_school, layout_caves, serial_shops, shop,
          minmay_orc_temple_a
Elf:1:    layout_loops_ring, ebering_ghost_reflecting_pool,
          nicolae_elf_blasts_and_bolts, chequers_big_river
Elf:2:    elven_hall_of_blades_hangedman_alternative
          [nicolae_blade_entry_antechamber], layout_geoelf_grid

Skill      XL: |  1  2  3  4  5  6  7  8  9 10 11 12 13 14 15 16 17 18 |
---------------+-------------------------------------------------------+-----
Axes           | 5 7 9 12 14 15 16 17 | 17.8
Short Blades   | 1 |  1.9
Maces & Flails | 1 3 |  3.3
Armour         | 2 4 6 8 10 12 | 12.6
Fighting       | 4 5 6 7 8 9 10 12 | 12.8
Invocations    | 4 7 11 15 18 20 | 20.0
Dodging        | 3 5 6 |  6.8
Evocations     | 5 9 10 11 13 15 | 15.0
Shields        | 6 10 12 | 12.6
Spellcasting   | 1 5 6 7 |  7.9
Ice Magic      | 3 8 |  8.7

Action                     |  1- 3 |  4- 6 |  7- 9 | 10-12 | 13-15 | 16-18 | 19-21 || total
---------------------------+-------+-------+-------+-------+-------+-------+-------++-------
  Melee: Hand axe          |    40 |    37 |   240 |    35 |    12 |     8 |       ||   372
         Dagger            |    59 |    29 |       |       |       |       |       ||    88
         Whip              |       |    60 |       |       |       |       |       ||    60
         War axe           |       |       |       |   310 |   851 |  1013 |   233 ||  2407
         Broad axe         |       |       |       |       |       |    16 |       ||    16
  Throw: Throwing net      |       |       |     1 |       |       |       |       ||     1
         Dart              |       |       |       |    12 |     4 |       |       ||    16
 Invoke: Line Pass         |       |     1 |     3 |     2 |     4 |     1 |       ||    11
         Stomp             |       |       |       |     1 |       |     1 |       ||     2
         Grand Finale      |       |       |       |       |     3 |       |     2 ||     5
  Evoke: Box of beasts     |       |       |       |       |     1 |     1 |       ||     2
         Condenser vane    |       |       |       |       |     1 |     1 |       ||     2
         Phantom mirror    |       |       |       |       |       |     1 |       ||     1
    Use: Scroll            |       |       |       |    14 |    12 |     4 |     1 ||    31
         Potion            |       |       |       |       |     1 |       |     1 ||     2
   Stab: Paralysed         |       |     1 |    23 |    34 |   114 |   150 |    21 ||   343
         Confused          |       |       |     1 |     2 |     2 |       |       ||     5
 Armour: Robe              |    25 |       |       |       |       |       |       ||    25
         Chain mail        |    17 |    87 |   143 |   398 |   857 |   950 |   232 ||  2684
         Ring mail         |       |       |    22 |       |       |       |       ||    22
  Dodge: Dodged            |    42 |    47 |    88 |   194 |   367 |   311 |    54 ||  1103
  Block: Kite shield       |       |       |       |       |   248 |  1030 |   165 ||  1443
